Map: Overgrowth LE (Void)

Players

Emil

  • Race: Zerg Zerg
  • League: Diamond
  • Spawn Location: 1:00

Venom - Winner!

  • Race: Terran Terran
  • League: Diamond
  • Spawn Location: 7:00

VOD

Have the link to the VOD?

Description

Time

  • Played on: Nov. 28, 2016, 8:12 a.m.
  • Length: 10:27
Show
View Real Time Build Order
Export as new Build Order

Emil Zerg 

Build Orders: Hatch First 

Get SALT Encoding   

  12  0:01  Drone  
  13  0:16  Overlord  
  13  0:18  Drone  
  14  0:35  Drone x2  
  16  0:45  Drone  
  17  0:58  Hatchery  
  16  1:11  Spawning Pool  
  15  1:12  Drone  
  15  1:13  Drone  
  15  1:17  Drone  
  18  1:21  Extractor  
  17  1:27  Extractor  
  16  1:39  Drone x2  
  18  1:45  Extractor  
  18  1:51  Drone  
  19  2:01  Queen  
  21  2:02  Zergling x2  
  21  2:06  Extractor  
  22  2:10  Queen  
  22  2:11  Zergling x4  
  26  2:18  Roach Warren  
  25  2:27  Drone x2  
  27  3:11  Overlord  
  27  3:13  Queen, Extractor  
  28  3:29  Queen  
  28  3:31  Roach x3  
  35  3:36  Roach  
  35  3:43  Roach  
  35  4:04  Queen  
  35  4:09  Overlord  
  36  4:14  Queen  
  36  4:21  Spine Crawler  
  35  4:32  Ravager  
  36  4:41  Roach x5  
  38  4:54  Roach x3  
  44  5:05  Drone x2  
  44  5:06  Drone x2  
  43  5:28  Ravager  
  43  5:32  Drone  
  43  5:33  Overlord x2  
  44  5:50  Overlord  
  44  5:53  Lair  
  44  5:54  Drone x3  
  44  5:55  Drone x5  
  52  6:07  Spore Crawler  
  52  6:08  Drone x3  
  54  6:27  Drone x2  
  56  6:34  Hatchery  
  56  6:36  Overlord x2  
  55  6:47  Drone x4  
  49  6:54  Roach  
  49  6:55  Roach x2  
  49  7:02  Roach x2  
  51  7:18  Drone x2  
  51  7:19  Drone x7  
  60  7:24  Extractor  
  60  7:25  Extractor  
  60  7:28  Spire  
  57  7:35  Drone  
  57  7:36  Drone x3  
  61  7:47  Metabolic Boost  
  61  7:51  Drone x3  
  64  8:01  Drone  
  64  8:02  Drone x2  
  66  8:17  Extractor  
  66  8:18  Overlord x2  
  65  8:34  Baneling Nest  
  65  8:36  Extractor  
  65  8:38  Queen x3  
  65  8:41  Mutalisk x3  
  69  8:42  Mutalisk x4  
  69  8:43  Mutalisk  
  85  8:53  Drone x3  
  88  9:10  Mutalisk  
  88  9:11  Mutalisk x2  
  88  9:16  Zergling x12  
  100  9:21  Spore Crawler  
  100  9:22  Drone  
  100  9:35  Zergling x6  
  100  9:36  Zergling x6  
  106  9:42  Baneling  
  106  9:43  Baneling x11  
  106  9:44  Overlord  
  80  10:02  Zergling x16  
Show
View Real Time Build Order
Export as new Build Order

Venom Terran - Winner!

Build Orders: MMM Bio 

Get SALT Encoding   

  12  0:02  SCV  
  13  0:14  SCV  
  14  0:21  Supply Depot  
  14  0:26  SCV  
  15  0:29  Refinery  
  15  0:43  SCV  
  15  0:45  Barracks  
  16  0:55  SCV  
  17  1:07  SCV  
  17  1:11  Barracks  
  18  1:23  SCV  
  19  1:27  Barracks  
  19  1:34  Reaper  
  19  1:35  SCV  
  21  1:48  SCV  
  22  1:55  Supply Depot  
  22  1:58  Reaper  
  23  2:02  Orbital Command  
  23  2:19  Reaper x2  
  25  2:23  Refinery  
  25  2:30  SCV  
  25  2:32  Supply Depot  
  25  2:33  Reaper  
  27  2:42  SCV  
  28  2:51  Barracks, Reaper  
  29  2:58  Reaper  
  30  3:11  Reaper  
  30  3:23  Reaper  
  31  3:31  Reaper  
  31  3:43  Reaper  
  32  3:50  Supply Depot  
  32  3:54  Reaper  
  33  3:55  Reaper  
  33  4:03  Reaper  
  34  4:16  Reaper  
  35  4:18  SCV  
  35  4:22  Command Center  
  36  4:24  Command Center  
  36  4:25  Supply Depot  
  36  4:26  Reaper  
  36  4:30  SCV  
  38  4:33  Reaper  
  36  4:48  Reaper x2  
  36  5:08  Reaper x2  
  36  5:10  SCV  
  38  5:22  SCV  
  38  5:25  Reaper  
  38  5:28  Reaper  
  38  5:35  Orbital Command  
  38  5:36  Orbital Command  
  39  5:50  SCV  
  40  6:02  SCV, Barracks Tech Lab x2  
  40  6:05  Barracks Reactor  
  40  6:10  Barracks Reactor, Orbital Command  
  39  6:17  SCV  
  40  6:25  Marine  
  40  6:27  Factory  
  40  6:28  Stimpack, Orbital Command  
  40  6:29  SCV  
  42  6:33  Marauder  
  42  6:35  SCV  
  42  6:38  Refinery  
  42  6:39  Refinery  
  45  6:41  SCV  
  45  6:43  Marine x3  
  49  6:47  SCV  
  49  6:54  SCV  
  50  6:59  SCV, Marine x3  
  50  7:00  Marine  
  54  7:03  SCV  
  54  7:05  Marine x2  
  54  7:06  SCV  
  58  7:12  SCV  
  58  7:15  SCV  
  57  7:16  Marine  
  57  7:17  Marine x2  
  57  7:18  Marine, SCV  
  62  7:23  Marine x2  
  62  7:24  SCV  
  62  7:27  SCV  
  62  7:28  Factory Reactor  
  62  7:29  Starport  
  66  7:30  SCV  
  66  7:31  Engineering Bay  
  66  7:32  Engineering Bay  
  66  7:34  Marine x2  
  66  7:35  Marine  
  66  7:36  SCV  
  71  7:39  SCV  
  71  7:42  SCV  
  73  7:48  SCV  
  73  7:50  Marine  
  73  7:51  SCV, Marauder, Marine  
  78  7:52  Marine x2  
  78  7:54  SCV  
  78  7:55  Marine  
  83  8:00  SCV  
  83  8:04  SCV  
  85  8:15  Combat Shields  
  85  8:23  Terran Infantry Weapons Level 1, Terran Infantry Armor Level 1  
  85  8:29  Concussive Shells  
  85  8:30  Medivac x2, Marine x2  
  85  8:31  Marauder  
  85  8:33  Supply Depot  
  85  8:34  Supply Depot x2  
  93  8:37  Supply Depot  
  93  8:40  Armory  
  93  8:49  Supply Depot  
  93  8:54  Marine x3  
  93  8:55  Marine, Marauder, SCV x3  
  104  8:56  Marauder  
  104  9:00  Medivac x2  
  108  9:03  Refinery  
  108  9:04  Refinery  
  108  9:07  SCV x3  
  111  9:12  Marine x3  
  111  9:13  Marine  
  111  9:16  Marauder  
  119  9:17  Marauder  
  119  9:19  SCV x3  
  122  9:30  Medivac x2, Marine x3  
  132  9:31  SCV x3  
  132  9:33  Marine  
  133  9:39  Marine  
  133  9:43  SCV  
  133  9:44  SCV x2  
  133  9:45  Marauder  
  130  9:48  Marine x2  
  123  9:55  SCV  
  123  9:56  SCV x2  
  123  9:57  Marauder, Marine x2  
  121  10:06  Marauder, Marine x2  
  92  10:21  Missile Turret  
  92  10:23  Missile Turret  
  92  10:24  Missile Turret  
Tags
 
Composition
MMM Bio
Matchup
TvZ
Replay Pack
EmSC2Tv
Spawn Locations
Cross Positions
Add a new tag
Caveats
  • Supply blocks, unpowered buildings, or Contaminate may cause inaccurate times.
  • Supply counts are checked every 10 seconds.